 Dungeon Crawl Stone Soup version 0.23-b1-67-g8bd44de (webtiles) character file.

Game seed: 14804350221201852422

35 redwoodhats the Vexing (level 3, 0/33 HPs)
             Began as an Ogre Arcane Marksman on Feb 4, 2019.
             Succumbed to an adder's poison
             ... on level 2 of the Dungeon on Feb 5, 2019.
             The game lasted 00:06:47 (788 turns).

redwoodhats the Vexing (Ogre Arcane Marksman)        Turns: 788, Time: 00:06:48

Health: 0/33       AC:  4    Str: 14    XL:     3   Next: 35%
Magic:  5/5        EV: 10    Int: 15    God:
Gold:   65         SH:  0    Dex:  9    Spells: 4/5 levels left

rFire    . . .     SeeInvis .   (no weapon)
rCold    . . .     Gourm    .   (no shield)
rNeg     . . .     Faith    .   a - +0 robe
rPois    .         Spirit   .   (helmet restricted)
rElec    .         Reflect  .   i - +0 cloak
rCorr    .         Harm     .   (gloves unavailable)
MR       .....                  (boots unavailable)
Stlth    +.........             (no amulet)
HPRegen  0.11/turn              (no ring)
MPRegen  0.09/turn              (no ring)

@: lethally poisoned (0 -> -3)
A: large, unfitting armour, tough skin 1
a: no special abilities


You were on level 2 of the Dungeon.
You were not hungry.

You visited 1 branch of the dungeon, and saw 2 of its levels.

You collected 65 gold pieces.

Inventory:

Missiles
 d - a throwing net (quivered)
Armour
 a - a +0 robe (worn)
 i - a +0 cloak (worn)
Scrolls
 b - 2 scrolls of identify
 g - a scroll of enchant armour
 h - a scroll of teleportation
Potions
 e - a potion of invisibility {unknown}
 k - a potion of resistance
Comestibles
 f - 3 rations


   Skills:
 + Level 1.3 Fighting
 + Level 2.2 Throwing
 + Level 2.2 Dodging
 + Level 0.4 Unarmed Combat
 + Level 1.9 Spellcasting
 + Level 3.2 Hexes


You had 4 spell levels left.
You knew the following spells:

 Your Spells              Type           Power        Failure   Level  Hunger
a - Corona                Hex            ##.....      6%          1    ##.....

Your spell library contained the following spells:

 Spells                   Type           Power        Failure   Level  Hunger
 Slow                     Hex            ##......     9%          2    ###....
 Inner Flame              Hex/Fire       #.......     34%         3    ####...
 Portal Projectile        Hex/Tloc       #.....       34%         3    ####...
 Cause Fear               Hex            ##........   52%         4    #####..
 Leda's Liquefaction      Hex/Erth       #.........   75%         4    #####..


Dungeon Overview and Level Annotations

Branches:
Dungeon (2/15)

Altars:
Nemelex Xobeh


Innate Abilities, Weirdness & Mutations

You are too large for most types of armour.
You have tough skin. (AC +1)


Message History

You closely miss the rat. The rat bites you but does no damage.
You closely miss the rat.
* * * LOW HITPOINT WARNING * * *
You feel sick. The rat bites you but does no damage.
You hit the rat but do no damage. The rat bites you but does no damage.
You hit the rat but do no damage.
* * * LOW HITPOINT WARNING * * *
You feel sick. The rat bites you.
* * * LOW HITPOINT WARNING * * *
You barely miss the rat. The rat closely misses you.
You barely miss the rat. The rat closely misses you.
You closely miss the rat.
* * * LOW HITPOINT WARNING * * *
You feel sick. The rat bites you but does no damage.
You hit the rat.
The rat is moderately wounded.
The rat barely misses you.
You hit the rat.
You kill the rat!
You die...

..########)...........
.
............#.#######
. #..######)...# #
#.#...# ##...#.#
..#(##..###..#...#
............#..##
#....⌠.⌠......#
..#.##.._.......#
.......@.⌠.........
#.#(...(!...##.##..
#....##.>[...# ..
#.#.. ##...... ......
##...... #....#.
#..... ...$##. .....
#... #. ... ##. ## ..


There were no monsters in sight!

Vanquished Creatures
  An adder (D:2)
  A worm (D:2)
  A leopard gecko (D:1)
  A giant cockroach (D:1)
  4 goblins (D:1)
  2 hobgoblins
  4 kobolds (D:1)
  2 bats
  4 frilled lizards
  3 rats
23 creatures vanquished.

Notes
Turn   | Place    | Note
-------+----------+-------------------------------------------
     0 | D:1      | redwoodhats the Ogre Arcane Marksman began the quest for
                  | the Orb.
     0 | D:1      | Reached XP level 1. HP: 19/19 MP: 2/2
   150 | D:1      | Reached XP level 2. HP: 27/27 MP: 1/3
   214 | D:1      | Reached skill level 3 in Hexes
   288 | D:1      | Upgraded the game from 0.23-b1-58-ge3fafae to
                  | 0.23-b1-67-g8bd44de
   704 | D:2      | Found a sparkling altar of Nemelex Xobeh.
   706 | D:2      | Reached XP level 3. HP: 33/33 MP: 3/5
   782 | D:2      | HP: 1/33 [rat (1)]
   788 | D:2      | Succumbed to an adder's poison

Skill      XL: |  1  2 |
---------------+-------+-----
Hexes          | 3 |  3.2
Dodging        | 2 |  2.2
Fighting       | |  1.3
Throwing       | |  2.2
Unarmed Combat | |  0.4
Spellcasting   | |  1.9

Action                   || total
-------------------------++-------
Melee: Unarmed           ||    81
Throw: Large rock        ||    24
       Throwing net      ||     1
 Cast: Corona            ||    14
  Use: Scroll            ||     3
       Potion            ||     2
Armor: Robe              ||    30
Dodge: Dodged            ||    56
